[Event "Kupreichik Memorial Open 2018"]
[Site "Minsk"]
[Date "2018.06.21"]
[Round "4"]
[White "Hurman, Pavel"]
[Black "Polovkov, Valery"]
[Result "0-1"]
[ECO "B00"]
[WhiteElo "1283"]
[BlackElo "1830"]
[Annotator "NA"]
[PlyCount "35"]
[EventDate "2018.06.21"]
[EventCountry "BLR"]
[SourceTitle "playchess.com"]
[Source "ChessBase"]
[SourceQuality "1"]
[TimeControl "900+10"]

1. e4 b6 2. d4 Bb7 3. Bd3 e6 4. c3 g6 5. Nf3 Bg7 6. O-O Ne7 7. Bg5 h6 8. Bf4 g5 9. Bg3 d6 10. Re1 Nd7 11. Nbd2 a6 12. Nc4 O-O 13. Nfd2 Ng6 14. Rf1 Nf4 15. Bxf4 gxf4 16. Qg4 e5 17. dxe5 dxe5 18. Bc2 0-1

[Event "Kupreichik Memorial Open 2018"]
[Site "Minsk"]
[Date "2018.06.22"]
[Round "5"]
[White "Nikitenko, Mihail"]
[Black "Naumovich, Yaroslav"]
[Result "1-0"]
[ECO "B10"]
[WhiteElo "2401"]
[BlackElo "1959"]
[Annotator "NA"]
[PlyCount "93"]
[EventDate "2018.06.21"]
[EventCountry "BLR"]
[SourceTitle "playchess.com"]
[Source "ChessBase"]
[SourceQuality "1"]
[TimeControl "900+10"]

1. e4 c6 2. Nc3 d5 3. Nf3 dxe4 4. Nxe4 Nf6 5. Qe2 Nxe4 6. Qxe4 Nd7 7. Bc4 Nf6 8. Ne5 e6 9. Qe2 Be7 10. d3 O-O 11. O-O Nd5 12. Bd2 Bf6 13. Rae1 Qc7 14. Bb3 Bxe5 15. Qxe5 Qxe5 16. Rxe5 Bd7 17. c4 Ne7 18. Bc3 Ng6 19. Re3 c5 20. d4 cxd4 21. Bxd4 Bc6 22. g3 Rfd8 23. Bc3 Ne7 24. g4 Rd7 25. Bc2 Rad8 26. f4 b6 27. f5 exf5 28. gxf5 f6 29. Re6 Kf7 30. Rfe1 Bb7 31. c5 bxc5 32. Ba4 Rc7 33. Ba5 Rdc8 34. Bxc7 Rxc7 35. Bc2 Bd5 36. Ra6 Rb7 37. Ra5 Rc7 38. Re3 Ba8 39. Rea3 Rd7 40. Rxa7 Rd2 41. Bb3+ Bd5 42. Bxd5+ Rxd5 43. Re3 Re5 44. Rxe5 fxe5 45. a4 Kf6 46. a5 Nd5 47. a6 1-0

[Event "Kupreichik Memorial Open 2018"]
[Site "Minsk"]
[Date "2018.06.22"]
[Round "5"]
[White "Zhukova, Natalia"]
[Black "Uzlavataya, Anhelina"]
[Result "1-0"]
[ECO "A10"]
[WhiteElo "2356"]
[BlackElo "1925"]
[Annotator "NA"]
[PlyCount "49"]
[EventDate "2018.06.21"]
[EventCountry "BLR"]
[SourceTitle "playchess.com"]
[Source "ChessBase"]
[SourceQuality "1"]
[TimeControl "900+10"]

1. c4 f5 2. Nc3 Nf6 3. Nf3 g6 4. d3 Bg7 5. e4 fxe4 6. dxe4 d6 7. Be2 e5 8. c5 dxc5 9. Qxd8+ Kxd8 10. Nxe5 Ke7 11. Bg5 c6 12. Nd3 c4 13. Nf4 Nbd7 14. Bxc4 Ne5 15. Bb3 h6 16. Nfd5+ cxd5 17. Nxd5+ Kd6 18. Bxf6 Bxf6 19. Nxf6 Rf8 20. Rd1+ Kc6 21. Nd5 Bd7 22. O-O Rae8 23. Rc1+ Kd6 24. Rfd1 Bb5 25. Nc7+ 1-0

[Event "Kupreichik Memorial Open 2018"]
[Site "Minsk"]
[Date "2018.06.22"]
[Round "5"]
[White "Kalugin, Sergey G"]
[Black "Tkachou, Pavel"]
[Result "1/2-1/2"]
[ECO "C02"]
[WhiteElo "2334"]
[BlackElo "1535"]
[Annotator "NA"]
[PlyCount "70"]
[EventDate "2018.06.21"]
[EventCountry "BLR"]
[SourceTitle "playchess.com"]
[Source "ChessBase"]
[SourceQuality "1"]
[TimeControl "900+10"]

1. e4 e6 2. d4 d5 3. e5 c5 4. c3 Qb6 5. Nf3 Nc6 6. a3 Bd7 7. b4 cxd4 8. cxd4 Rc8 9. Be3 Nh6 10. Bd3 Ng4 11. O-O g6 12. Ra2 Nxe3 13. fxe3 Bh6 14. Qe1 Ne7 15. h4 Nf5 16. Re2 Bb5 17. Bxb5+ Qxb5 18. Ng5 O-O 19. Rd2 Qd7 20. g4 Bxg5 21. hxg5 Ng7 22. Rh2 Qe7 23. Rf6 h5 24. gxh6 Ne8 25. h7+ Kh8 26. Rf1 Qg5 27. Qg3 Ng7 28. Rg2 b5 29. Qh3 Rc7 30. Kh2 Rfc8 31. Rgf2 Rc2 32. Nd2 R8c7 33. Nb1 Rc8 34. Qf3 R8c7 35. Qh3 Rc8 1/2-1/2

[Event "Kupreichik Memorial Open 2018"]
[Site "Minsk"]
[Date "2018.06.22"]
[Round "5"]
[White "Nomin-Erdene, Davaademberel"]
[Black "Kirilin, Dmitrij"]
[Result "1/2-1/2"]
[ECO "B90"]
[WhiteElo "2312"]
[BlackElo "1898"]
[Annotator "NA"]
[PlyCount "101"]
[EventDate "2018.06.21"]
[EventCountry "BLR"]
[SourceTitle "playchess.com"]
[Source "ChessBase"]
[SourceQuality "1"]
[TimeControl "900+10"]

1. e4 c5 2. Nf3 d6 3. d4 cxd4 4. Nxd4 Nf6 5. Nc3 a6 6. Be3 e6 7. f3 Qc7 8. Qd2 b5 9. g4 Bb7 10. O-O-O b4 11. Na4 d5 12. e5 Nfd7 13. f4 Nc6 14. Qf2 Nxd4 15. Bxd4 Qa5 16. b3 Rc8 17. Kb1 Bc6 18. Nb6 Nxb6 19. Bxb6 Qa3 20. f5 Be7 21. Bd3 Bb5 22. Rhf1 Bxd3 23. Rxd3 Rc3 24. Bd4 Rxd3 25. cxd3 Kd7 26. Bb2 Qa5 27. Rc1 Rc8 28. fxe6+ fxe6 29. Rxc8 Kxc8 30. Qf7 Kd7 31. Qxg7 Qb6 32. d4 Qb5 33. Qxh7 Qe2 34. g5 Qd1+ 35. Bc1 Qxd4 36. Qc2 Qxe5 37. h4 Ke8 38. h5 Kf8 39. Qc8+ Kf7 40. g6+ Kg7 41. Bb2 d4 42. Qb7 Qf5+ 43. Kc1 Qf1+ 44. Kd2 Qf2+ 45. Kd1 Qf1+ 46. Kd2 Qf2+ 47. Kd1 Qf1+ 48. Kd2 Qf2+ 49. Kd1 Qf1+ 50. Kd2 Qf2+ 51. Kd1 1/2-1/2

[Event "Kupreichik Memorial Open 2018"]
[Site "Minsk"]
[Date "2018.06.22"]
[Round "5"]
[White "Terletsky, Oleg"]
[Black "Vashchilov, Sergey"]
[Result "1-0"]
[ECO "C04"]
[WhiteElo "2268"]
[BlackElo "2122"]
[Annotator "NA"]
[PlyCount "113"]
[EventDate "2018.06.21"]
[EventCountry "BLR"]
[SourceTitle "playchess.com"]
[Source "ChessBase"]
[SourceQuality "1"]
[TimeControl "900+10"]

1. e4 e6 2. d4 d5 3. Nd2 Nc6 4. Ngf3 Nf6 5. e5 Nd7 6. Bd3 f6 7. exf6 Qxf6 8. Nf1 Bd6 9. Ne3 O-O 10. c4 dxc4 11. Nxc4 Nxd4 12. Bxh7+ Kxh7 13. Qxd4 Qxd4 14. Nxd4 Ne5 15. Nxd6 cxd6 16. O-O Bd7 17. Bg5 Nf7 18. Bd2 e5 19. Nf3 Bc6 20. Ng5+ Nxg5 21. Bxg5 d5 22. Rfe1 Rf5 23. Bh4 e4 24. Rad1 a5 25. Be7 a4 26. Bc5 Re8 27. Re3 Re6 28. Bd4 Rg6 29. Rc1 Rfg5 30. Rg3 Rxg3 31. hxg3 Re6 32. Rc5 Re8 33. Kf1 Kg6 34. Ke2 Rh8 35. Ke3 Rh2 36. b4 axb3 37. axb3 Rh1 38. Kf4 Rb1 39. Rc3 Rg1 40. Ke5 Rxg2 41. Rc1 Rh2 42. b4 Rh5+ 43. Kd6 Kf7 44. Rc5 Rh6+ 45. Kc7 Ba4 46. Kxb7 Bb3 47. Rc7+ Ke6 48. Rc6+ Kd7 49. Rxh6 gxh6 50. b5 Ba4 51. b6 Bc6+ 52. Kb8 Bb5 53. b7 Bc6 54. Ka7 Bxb7 55. Kxb7 Ke6 56. Kc6 h5 57. Kc5 1-0

[Event "Kupreichik Memorial Open 2018"]
[Site "Minsk"]
[Date "2018.06.22"]
[Round "5"]
[White "Ten, Alexander"]
[Black "Kalinin, Dmitry"]
[Result "0-1"]
[ECO "C10"]
[WhiteElo "2265"]
[BlackElo "1995"]
[Annotator "NA"]
[PlyCount "58"]
[EventDate "2018.06.21"]
[EventCountry "BLR"]
[SourceTitle "playchess.com"]
[Source "ChessBase"]
[SourceQuality "1"]
[TimeControl "900+10"]

1. e4 e6 2. d4 d5 3. Nc3 dxe4 4. Nxe4 Nd7 5. Nf3 Ngf6 6. Bd3 Nxe4 7. Bxe4 Nf6 8. Bd3 c5 9. O-O Bd7 10. Re1 cxd4 11. Nxd4 Be7 12. Bg5 Qb6 13. Nb3 Rd8 14. Be3 Qc7 15. Bd4 Bc6 16. h3 Qf4 17. Be3 Qh4 18. Qe2 h5 19. Bb5 O-O 20. Bxc6 bxc6 21. Bxa7 Nd5 22. Bc5 Nf4 23. Qf3 Bxc5 24. Nxc5 Rd2 25. Rac1 Nxh3+ 26. gxh3 Qg5+ 27. Qg3 Qxc5 28. Re5 Qd4 29. Rxh5 Rd1+ 0-1

[Event "Kupreichik Memorial Open 2018"]
[Site "Minsk"]
[Date "2018.06.22"]
[Round "5"]
[White "Rakhmangulova, Anastasiya"]
[Black "Tyurin, Artem"]
[Result "1-0"]
[ECO "B42"]
[WhiteElo "2244"]
[BlackElo "1855"]
[Annotator "NA"]
[PlyCount "125"]
[EventDate "2018.06.21"]
[EventCountry "BLR"]
[SourceTitle "playchess.com"]
[Source "ChessBase"]
[SourceQuality "1"]
[TimeControl "900+10"]

1. e4 c5 2. Nf3 e6 3. d4 cxd4 4. Nxd4 a6 5. Bd3 Nc6 6. Be3 Qc7 7. c4 Bd6 8. Nc3 Ne5 9. Rc1 Nxd3+ 10. Qxd3 Qb8 11. g3 h5 12. f4 Bc7 13. h4 Nf6 14. Nde2 b6 15. Rd1 O-O 16. e5 Ng4 17. Bd4 Bb7 18. O-O Bc6 19. Ne4 Qb7 20. N2c3 Rad8 21. b4 d5 22. exd6 Bxd6 23. b5 axb5 24. cxb5 Bxe4 25. Qxe4 Qe7 26. Na4 Rb8 27. Bxg7 Kxg7 28. Qd4+ Nf6 29. Qxd6 Qa7 30. Nc3 Rbc8 31. Qe5 Rc5 32. Qd4 Qa3 33. Rd3 Qb2 34. Rf2 Qc1+ 35. Kg2 Rf5 36. Ne4 Kg6 37. Nxf6 Rxf6 38. Qxb6 Rc8 39. Qe3 Rf5 40. Qxc1 Rxc1 41. Rb3 Rc7 42. a4 Rfc5 43. a5 Rb7 44. Rfb2 Kf5 45. a6 Rb6 46. Ra2 Rc8 47. Kf3 f6 48. Ra5 e5 49. fxe5 fxe5 50. a7 Ra8 51. Rba3 Rb7 52. Ke3 Rb6 53. Kd3 Rb7 54. Kc4 Rc7+ 55. Kb4 Rb7 56. Ra6 e4 57. Kc5 Rc8+ 58. Rc6 Ra8 59. b6 Ke5 60. Rc7 Rxc7+ 61. bxc7 Ke6 62. Kc6 Ke7 63. Kb7 1-0

[Event "Kupreichik Memorial Open 2018"]
[Site "Minsk"]
[Date "2018.06.22"]
[Round "5"]
[White "Cherepov, Alexej"]
[Black "Polovkov, Valery"]
[Result "1-0"]
[ECO "A40"]
[WhiteElo "2234"]
[BlackElo "1830"]
[Annotator "NA"]
[PlyCount "67"]
[EventDate "2018.06.21"]
[EventCountry "BLR"]
[SourceTitle "playchess.com"]
[Source "ChessBase"]
[SourceQuality "1"]
[TimeControl "900+10"]

1. d4 b6 2. e4 Bb7 3. Bd3 e6 4. Nf3 g6 5. Bg5 f6 6. Be3 Bg7 7. h4 h5 8. c4 Ne7 9. Nc3 a6 10. Qd2 d6 11. O-O-O Nd7 12. Rhg1 f5 13. Ng5 Nf8 14. f3 Qd7 15. Qe2 Bf6 16. e5 Bxg5 17. Bxg5 d5 18. Kb1 c6 19. Bf6 Rh7 20. g4 hxg4 21. fxg4 b5 22. cxb5 axb5 23. a3 Ba6 24. Na2 Qb7 25. Nb4 Nd7 26. h5 gxh5 27. gxf5 exf5 28. Bxe7 Rxe7 29. Rg8+ Nf8 30. Qxh5+ Kd7 31. Nxa6 Qxa6 32. Bxf5+ Kc7 33. Qh6 Kb7 34. Rxf8 1-0

[Event "Kupreichik Memorial Open 2018"]
[Site "Minsk"]
[Date "2018.06.22"]
[Round "5"]
[White "Osmolny, Vladimir I"]
[Black "Masjuk, Vladimir"]
[Result "1-0"]
[ECO "A20"]
[WhiteElo "2163"]
[BlackElo "1829"]
[Annotator "NA"]
[PlyCount "81"]
[EventDate "2018.06.21"]
[EventCountry "BLR"]
[SourceTitle "playchess.com"]
[Source "ChessBase"]
[SourceQuality "1"]
[TimeControl "900+10"]

1. c4 e5 2. d3 Nc6 3. a3 d6 4. g3 Nf6 5. Bg2 Be7 6. Nc3 O-O 7. e3 Bg4 8. Nge2 Qd7 9. h3 Bh5 10. O-O Rad8 11. g4 Bg6 12. f4 exf4 13. exf4 h5 14. f5 Bh7 15. Nf4 hxg4 16. hxg4 Ne5 17. Bh3 Qc6 18. Be3 g5 19. Nfd5 Qd7 20. Nxe7+ Qxe7 21. Bxg5 c6 22. Qd2 d5 23. cxd5 cxd5 24. Rae1 Qd6 25. Bf4 Qb6+ 26. d4 Nc6 27. Be5 Nxe5 28. Rxe5 Rfe8 29. Rfe1 Rxe5 30. Rxe5 Kh8 31. Kg2 Ne4 32. Nxe4 dxe4 33. Rxe4 f6 34. Re6 Rxd4 35. Qe2 Qa5 36. Re8+ Bg8 37. Rxg8+ Kxg8 38. Qe8+ Kg7 39. Qe7+ Kg8 40. Qe8+ Kg7 41. Qe6 {Kg8 Qe8+} 1-0

[Event "Kupreichik Memorial Open 2018"]
[Site "Minsk"]
[Date "2018.06.22"]
[Round "5"]
[White "Kuznetsov, Mikhail V"]
[Black "Rybakova, Polina"]
[Result "1-0"]
[ECO "A49"]
[WhiteElo "2162"]
[BlackElo "1826"]
[Annotator "NA"]
[PlyCount "63"]
[EventDate "2018.06.21"]
[EventCountry "BLR"]
[SourceTitle "playchess.com"]
[Source "ChessBase"]
[SourceQuality "1"]
[TimeControl "900+10"]

1. d4 Nf6 2. Nf3 g6 3. g3 Bg7 4. Bg2 O-O 5. O-O d6 6. Nc3 c6 7. a4 Nbd7 8. e4 e5 9. h3 Re8 10. a5 Nh5 11. Re1 Nf8 12. Bg5 Qc7 13. d5 h6 14. Be3 Nf6 15. Qd2 Kh7 16. Nh4 cxd5 17. exd5 Qd7 18. Qd3 Nh5 19. g4 Nf4 20. Bxf4 exf4 21. Nb5 Bxb2 22. Rxe8 Qxe8 23. Rb1 Be5 24. Nf3 Qd8 25. Nxe5 dxe5 26. d6 Ne6 27. a6 Rb8 28. Nxa7 Nc5 29. Qd5 Nxa6 30. Qxf7+ Kh8 31. Nxc8 Rxc8 32. Rxb7 1-0

[Event "Kupreichik Memorial Open 2018"]
[Site "Minsk"]
[Date "2018.06.22"]
[Round "5"]
[White "Katashuk, Uladzislau"]
[Black "Sadovnikov, Konstantin"]
[Result "0-1"]
[ECO "B24"]
[WhiteElo "2149"]
[BlackElo "1908"]
[Annotator "NA"]
[PlyCount "92"]
[EventDate "2018.06.21"]
[EventCountry "BLR"]
[SourceTitle "playchess.com"]
[Source "ChessBase"]
[SourceQuality "1"]
[TimeControl "900+10"]

1. e4 c5 2. Nc3 Nc6 3. Bb5 Nd4 4. Bc4 e6 5. Nge2 Ne7 6. Nxd4 cxd4 7. Ne2 Nc6 8. O-O g6 9. d3 Bg7 10. f4 O-O 11. Ng3 a5 12. a3 Ne7 13. e5 d5 14. exd6 Qxd6 15. Ne4 Qd8 16. Bd2 Nf5 17. Qe2 Nd6 18. Nxd6 Qxd6 19. b4 b6 20. Qe1 Qc7 21. Rb1 Bd7 22. b5 Rac8 23. Qh4 Qc5 24. a4 Rcd8 25. Ra1 Bc8 26. Bc1 Qc7 27. Ba3 Rfe8 28. Rf3 Bb7 29. Rh3 h6 30. Re1 Bd5 31. f5 g5 32. Qf2 exf5 33. Rf1 Bxc4 34. dxc4 f4 35. Rd3 Qxc4 36. g3 fxg3 37. hxg3 Qe6 38. Bb2 Rd7 39. Rfd1 Qe2 40. Bxd4 Bxd4 41. Rxd4 Rde7 42. Rd6 Qxf2+ 43. Kxf2 Re2+ 44. Kf3 f5 45. R1d3 g4+ 46. Kf4 Rf2+ 0-1

[Event "Kupreichik Memorial Open 2018"]
[Site "Minsk"]
[Date "2018.06.22"]
[Round "5"]
[White "Fedotov, Konstantin"]
[Black "Barskij, Vladimir"]
[Result "1/2-1/2"]
[ECO "B24"]
[WhiteElo "2090"]
[BlackElo "2352"]
[Annotator "NA"]
[PlyCount "72"]
[EventDate "2018.06.21"]
[EventCountry "BLR"]
[SourceTitle "playchess.com"]
[Source "ChessBase"]
[SourceQuality "1"]
[TimeControl "900+10"]

1. e4 c5 2. Nc3 Nc6 3. Bb5 Nd4 4. Bc4 e6 5. Nf3 a6 6. Nxd4 cxd4 7. Ne2 b5 8. Bb3 Bb7 9. d3 Bc5 10. O-O Ne7 11. Ng3 O-O 12. f4 f5 13. Qh5 Qe8 14. Qg5 Qg6 15. Qxg6 hxg6 16. Bd2 a5 17. a4 b4 18. Rfe1 Kh7 19. Nh1 fxe4 20. dxe4 d3+ 21. Nf2 dxc2 22. Bxc2 Bd4 23. Rab1 Rac8 24. Bd3 g5 25. f5 Nc6 26. Be3 Bxe3 27. Rxe3 Ne5 28. Bb5 g6 29. Rd1 Bc6 30. Bxc6 Rxc6 31. fxe6 dxe6 32. Nd3 Rd8 33. Kf1 Kg7 34. Ke1 Rcd6 35. Nf2 Nc4 36. Re2 Rxd1+ 1/2-1/2

[Event "Kupreichik Memorial Open 2018"]
[Site "Minsk"]
[Date "2018.06.22"]
[Round "5"]
[White "Kaliadzich, Maryia"]
[Black "Tsigelnitskiy, Ilusha"]
[Result "0-1"]
[ECO "A57"]
[WhiteElo "2058"]
[BlackElo "2253"]
[Annotator "NA"]
[PlyCount "42"]
[EventDate "2018.06.21"]
[EventCountry "BLR"]
[SourceTitle "playchess.com"]
[Source "ChessBase"]
[SourceQuality "1"]
[TimeControl "900+10"]

1. d4 Nf6 2. c4 c5 3. d5 b5 4. cxb5 a6 5. b6 d6 6. Nc3 Nbd7 7. e4 g6 8. g3 Bg7 9. Bg2 a5 10. Nge2 Ba6 11. O-O O-O 12. Re1 Ne5 13. Nf4 Nfd7 14. b7 Rb8 15. Bf1 Bxf1 16. Rxf1 Rxb7 17. Nd3 Qb6 18. Kh1 Qa6 19. Nf4 Nc4 20. Qe2 Ra8 21. Rb1 Bxc3 0-1

[Event "Kupreichik Memorial Open 2018"]
[Site "Minsk"]
[Date "2018.06.22"]
[Round "5"]
[White "Runets, Ivan"]
[Black "Girshgorn, Maria"]
[Result "1-0"]
[ECO "A48"]
[WhiteElo "2027"]
[BlackElo "1805"]
[Annotator "NA"]
[PlyCount "147"]
[EventDate "2018.06.21"]
[EventCountry "BLR"]
[SourceTitle "playchess.com"]
[Source "ChessBase"]
[SourceQuality "1"]
[TimeControl "900+10"]

1. d4 Nf6 2. Nf3 g6 3. Bf4 Bg7 4. e3 O-O 5. Be2 d6 6. h3 Nc6 7. O-O Nd7 8. c3 e5 9. Bh2 e4 10. Nfd2 Qe7 11. c4 f5 12. Nc3 Nf6 13. Qb3 Kh8 14. Rae1 g5 15. f3 Rb8 16. fxe4 fxe4 17. Qc2 g4 18. hxg4 Bxg4 19. Bxg4 Nxg4 20. Bg3 Nxd4 21. Qd1 Qe6 22. Ncxe4 Rxf1+ 23. Kxf1 Nf5 24. Bf4 Bh6 25. Bxh6 Nfxh6 26. b3 Rf8+ 27. Kg1 Qe5 28. g3 Qh5 29. Qe2 Qe5 30. Rf1 Rxf1+ 31. Kxf1 Qf5+ 32. Kg2 Nf7 33. Qf3 Qxf3+ 34. Kxf3 Nfe5+ 35. Ke2 Kg7 36. Nc3 Nf6 37. Nb5 Ne8 38. Nxa7 c6 39. Nc8 Nd7 40. Ne4 d5 41. cxd5 cxd5 42. Ned6 Nxd6 43. Nxd6 b6 44. a4 Nc5 45. Nc8 Nxb3 46. Nxb6 d4 47. exd4 Nxd4+ 48. Ke3 Nc6 49. Nc4 Kf6 50. Kf4 Ke6 51. Ke4 Kf6 52. Kd5 Na7 53. Ne3 h5 54. a5 Ke7 55. a6 Kd7 56. Kc5 Kc7 57. Nd5+ Kb8 58. Nf6 Nc8 59. Nxh5 Ka7 60. Kd5 Ne7+ 61. Ke6 Ng6 62. Kf6 Nf8 63. Nf4 Kxa6 64. Ne6 Nd7+ 65. Kf5 Kb6 66. g4 Kc6 67. g5 Kd6 68. g6 Ke7 69. Ng5 Nf6 70. g7 Ng8 71. Kg6 Nf6 72. Ne4 Ng8 73. Kh7 Kf7 74. Ng5+ 1-0

[Event "Kupreichik Memorial Open 2018"]
[Site "Minsk"]
[Date "2018.06.22"]
[Round "5"]
[White "Romanovskij, Nikita"]
[Black "Kolosovskaya, Olga"]
[Result "1-0"]
[ECO "D12"]
[WhiteElo "1990"]
[BlackElo "1747"]
[Annotator "NA"]
[PlyCount "43"]
[EventDate "2018.06.21"]
[EventCountry "BLR"]
[SourceTitle "playchess.com"]
[Source "ChessBase"]
[SourceQuality "1"]
[TimeControl "900+10"]

1. d4 d5 2. c4 c6 3. Nf3 Nf6 4. e3 Bf5 5. Nc3 e6 6. Qb3 Qb6 7. c5 Qxb3 8. axb3 Be7 9. b4 O-O 10. b5 Nbd7 11. Be2 Be4 12. O-O Bxf3 13. Bxf3 e5 14. b4 Rfd8 15. bxc6 bxc6 16. b5 e4 17. Be2 Rdc8 18. bxc6 Rxc6 19. Bd2 Bd8 20. Rfb1 a5 21. Bb5 Re6 22. Bxd7 1-0

[Event "Kupreichik Memorial Open 2018"]
[Site "Minsk"]
[Date "2018.06.22"]
[Round "5"]
[White "Tsaruk, Maksim"]
[Black "Nigmatov, Ortik"]
[Result "1/2-1/2"]
[ECO "B83"]
[WhiteElo "1980"]
[BlackElo "2210"]
[Annotator "NA"]
[PlyCount "105"]
[EventDate "2018.06.21"]
[EventCountry "BLR"]
[SourceTitle "playchess.com"]
[Source "ChessBase"]
[SourceQuality "1"]
[TimeControl "900+10"]

1. e4 c5 2. Nf3 e6 3. d4 cxd4 4. Nxd4 Nf6 5. Nc3 d6 6. Be2 Be7 7. O-O O-O 8. Be3 Nc6 9. f4 e5 10. Nxc6 bxc6 11. Kh1 exf4 12. Bxf4 Be6 13. Bf3 Qc7 14. Qe1 Rfe8 15. e5 Nd7 16. exd6 Bxd6 17. Bxd6 Qxd6 18. Rd1 Qc7 19. Qg3 Qxg3 20. hxg3 Ne5 21. Rd6 Rac8 22. Ne4 Nc4 23. Rd4 Bd5 24. b3 Ne3 25. Rf2 Nf5 26. Rd3 Rxe4 27. Bxe4 Bxe4 28. Rd7 h5 29. Rxa7 Rd8 30. Ra4 Rd1+ 31. Kh2 Nd6 32. Ra8+ Kh7 33. Rd8 f5 34. c4 c5 35. b4 Rc1 36. Rxd6 cxb4 37. Rb6 Rxc4 38. Rb2 Bd5 39. Rb5 Rd4 40. Ra5 Kh6 41. Ra4 Rg4 42. Rd2 Bf7 43. Rb2 Bd5 44. Ra5 Rd4 45. Rb5 g6 46. R5xb4 Rxb4 47. Rxb4 Bxa2 48. Kg1 Bd5 49. Kf2 Kg5 50. Rh4 Be4 51. Rh2 Kg4 52. Rh4+ Kg5 53. Rh2 1/2-1/2

[Event "Kupreichik Memorial Open 2018"]
[Site "Minsk"]
[Date "2018.06.22"]
[Round "5"]
[White "Svjatocho, Andrej"]
[Black "Badelka, Olga"]
[Result "0-1"]
[ECO "B30"]
[WhiteElo "1979"]
[BlackElo "2153"]
[Annotator "NA"]
[PlyCount "92"]
[EventDate "2018.06.21"]
[EventCountry "BLR"]
[SourceTitle "playchess.com"]
[Source "ChessBase"]
[SourceQuality "1"]
[TimeControl "900+10"]

1. e4 c5 2. Nf3 Nc6 3. Bb5 e6 4. O-O Nge7 5. Re1 Nd4 6. Bf1 Nxf3+ 7. Qxf3 Nc6 8. c3 Be7 9. d3 e5 10. Be3 d6 11. Nd2 O-O 12. Qe2 f5 13. f3 f4 14. Bf2 Bh4 15. Bxh4 Qxh4 16. Qf2 Qf6 17. a3 b6 18. b4 g5 19. b5 Ne7 20. d4 g4 21. Bc4+ Kh8 22. Bd5 Rb8 23. dxe5 dxe5 24. fxg4 Bxg4 25. Nf3 Ng6 26. Rad1 Rbc8 27. Rd3 Rc7 28. Red1 Rg7 29. Kh1 Rd8 30. Bc4 Rxd3 31. Rxd3 Bxf3 32. Qxf3 h6 33. Qh5 Kh7 34. Qf5 Qh4 35. g3 Qg5 36. Rd7 Qxf5 37. Rxg7+ Kxg7 38. exf5 Ne7 39. g4 Kf6 40. Kg2 e4 41. Be6 Ke5 42. h4 f3+ 43. Kg3 h5 44. Bc4 hxg4 45. Kxg4 Nxf5 46. Bf1 Ne3+ 0-1

[Event "Kupreichik Memorial Open 2018"]
[Site "Minsk"]
[Date "2018.06.22"]
[Round "5"]
[White "Zhukovskij, Viktor"]
[Black "Arlou, Valery"]
[Result "1-0"]
[ECO "B06"]
[WhiteElo "1973"]
[BlackElo "1743"]
[Annotator "NA"]
[PlyCount "89"]
[EventDate "2018.06.21"]
[EventCountry "BLR"]
[SourceTitle "playchess.com"]
[Source "ChessBase"]
[SourceQuality "1"]
[TimeControl "900+10"]

1. e4 g6 2. d4 Bg7 3. Nc3 d6 4. Be3 e5 5. dxe5 Bxe5 6. f4 Bg7 7. Nf3 Ne7 8. Bd4 Bxd4 9. Qxd4 O-O 10. h4 Nbc6 11. Qf6 Nb4 12. O-O-O Nec6 13. Qxd8 Nxd8 14. a3 Nbc6 15. Nd5 Ne6 16. f5 Nc5 17. Nxc7 Rb8 18. fxg6 hxg6 19. Bd3 Be6 20. b4 Nxd3+ 21. Rxd3 Rbd8 22. Nxe6 fxe6 23. Rhd1 Rf4 24. Ng5 Rxh4 25. Nxe6 Re8 26. Rxd6 Rxe4 27. Nc5 R4e7 28. Rxg6+ Kf7 29. Rg3 Re1 30. Nxb7 Nd4 31. Nd6+ Kf8 32. Nxe8 Ne2+ 33. Kd2 Rxd1+ 34. Kxd1 Nxg3 35. Nd6 Kg7 36. Nb5 a6 37. Nc7 Ne4 38. Nxa6 Nc3+ 39. Kc1 Kf6 40. Kb2 Nd5 41. c4 Nb6 42. c5 Nc4+ 43. Kb3 Ne3 44. b5 Ke7 45. b6 1-0

[Event "Kupreichik Memorial Open 2018"]
[Site "Minsk"]
[Date "2018.06.22"]
[Round "5"]
[White "Artsiomau, Stanislau"]
[Black "Yurau, Maksim"]
[Result "0-1"]
[ECO "B20"]
[WhiteElo "1954"]
[BlackElo "1694"]
[Annotator "NA"]
[PlyCount "74"]
[EventDate "2018.06.21"]
[EventCountry "BLR"]
[SourceTitle "playchess.com"]
[Source "ChessBase"]
[SourceQuality "1"]
[TimeControl "900+10"]

1. e4 c5 2. d3 Nc6 3. g3 Nf6 4. Bg2 e6 5. Nf3 d5 6. e5 Nd7 7. Qe2 Be7 8. O-O O-O 9. Bf4 Rb8 10. h4 b5 11. Nbd2 a5 12. Bh3 Ba6 13. c3 Nb6 14. Ng5 h6 15. Nxf7 Kxf7 16. Qh5+ g6 17. Qxh6 Rh8 18. Bxe6+ Kxe6 19. Qxg6+ Kd7 20. Rfd1 Kc7 21. b4 Qg8 22. Qxg8 Rbxg8 23. bxc5 Bxc5 24. Nb3 Be7 25. Kf1 a4 26. Nd4 Nxd4 27. cxd4 Kb7 28. Ke2 Rc8 29. Rac1 Ba3 30. Rxc8 Rxc8 31. h5 b4 32. h6 b3 33. axb3 axb3 34. e6 Na4 35. Bd2 Nb2 36. Rh1 Bxd3+ 37. Ke3 Be4 0-1

[Event "Kupreichik Memorial Open 2018"]
[Site "Minsk"]
[Date "2018.06.22"]
[Round "5"]
[White "Laptii, Nazar"]
[Black "Stsepkina, Yauheniya"]
[Result "1-0"]
[ECO "A05"]
[WhiteElo "1915"]
[BlackElo "1591"]
[Annotator "NA"]
[PlyCount "71"]
[EventDate "2018.06.21"]
[EventCountry "BLR"]
[SourceTitle "playchess.com"]
[Source "ChessBase"]
[SourceQuality "1"]
[TimeControl "900+10"]

1. Nf3 Nf6 2. g3 g6 3. Bg2 Bg7 4. O-O O-O 5. d3 d5 6. Nbd2 c5 7. e4 b6 8. Re1 Nc6 9. c3 Bb7 10. h3 e6 11. e5 Nd7 12. d4 cxd4 13. cxd4 Rc8 14. a3 Re8 15. Nf1 f6 16. exf6 Bxf6 17. Ne3 b5 18. h4 Qb6 19. Nc2 Na5 20. Bg5 Nb3 21. Rb1 Bg7 22. Re3 Na5 23. Bh3 Nc4 24. Re2 Rc6 25. Nb4 Rcc8 26. Qe1 Nf8 27. Rd1 a5 28. Nd3 h6 29. Bf4 Kh7 30. Nc5 Bxd4 31. Nxb7 Bxf2+ 32. Qxf2 Qxb7 33. Ne5 Nxe5 34. Bxe5 Re7 35. Qf6 Qa7+ 36. Bd4 1-0

[Event "Kupreichik Memorial Open 2018"]
[Site "Minsk"]
[Date "2018.06.22"]
[Round "5"]
[White "Gavrjuchenkova, Angelina"]
[Black "Drobyshevsky, Vasily"]
[Result "0-1"]
[ECO "B01"]
[WhiteElo "1900"]
[BlackElo "1551"]
[Annotator "NA"]
[PlyCount "70"]
[EventDate "2018.06.21"]
[EventCountry "BLR"]
[SourceTitle "playchess.com"]
[Source "ChessBase"]
[SourceQuality "1"]
[TimeControl "900+10"]

1. e4 d5 2. exd5 Qxd5 3. Nc3 Qe5+ 4. Be2 Bg4 5. d4 Bxe2 6. Ngxe2 Qa5 7. O-O Nf6 8. Bd2 c6 9. Ng3 e6 10. Nce4 Qd8 11. Bg5 Be7 12. c3 Nbd7 13. f4 O-O 14. Nxf6+ Nxf6 15. Bxf6 Bxf6 16. Qg4 g6 17. Rf3 Rc8 18. Raf1 Bg7 19. h4 c5 20. dxc5 Rxc5 21. h5 Qb6 22. Kh1 Qxb2 23. hxg6 hxg6 24. f5 exf5 25. Nxf5 Rxf5 26. Rxf5 gxf5 27. Qxf5 Qxc3 28. Rf3 Qe5 29. Qd7 Qe1+ 30. Kh2 Be5+ 31. Kh3 Qh1+ 32. Kg4 Qxg2+ 33. Kf5 Qxf3+ 34. Kxe5 Qe3+ 35. Kf6 Qe6+ 0-1